 Dungeon Crawl Stone Soup version 0.29.1-12-g30fa7ad0bf (webtiles) character file.

Game seed: 16246080150762450459

2076 KittyFluff the Basher (level 9, -2/84 HPs)
             Began as a Gargoyle Berserker on Jan 3, 2023.
             Was an Elder of Trog.
             Slain by Edmund
             ... wielding a +2 flail of holy wrath
              (5 damage)
             ... on level 6 of the Dungeon.
             The game lasted 00:25:03 (6625 turns).

KittyFluff the Basher (Gargoyle Berserker)          Turns: 6625, Time: 00:25:04

Health: -2/84      AC: 15    Str: 23    XL:     9   Next: 26%
Magic:  9/9        EV: 12    Int:  8    God:    Trog [****..]
Gold:   310        SH:  0    Dex: 11    Spells: 8/8 levels left

rFire   . . .      SeeInvis .   a - +0 mace
rCold   + . .      Faith    .   (no shield)
rNeg    + . .      Spirit   .   x - +0 leather armour {rPois}
rPois   ∞          Reflect  .   f - +0 helmet
rElec   +          Harm     .   r - +0 cloak
rCorr   .          Rampage  .   c - +0 pair of gloves
Will    .....                   d - +0 pair of boots
Stlth   ..........              (no amulet)
HPRegen 0.24/turn               q - ring of protection from cold
MPRegen 0.11/turn               (no ring)

@: berserking (expiring), very quick
A: sickness immunity, AC +6, negative energy resistance 1, electricity
resistance, torment resistance 1, petrification resistance
a: Renounce Religion, Berserk, Trog's Hand, Brothers in Arms


You were on level 6 of the Dungeon.
You worshipped Trog.
Trog was greatly pleased with you.
You visited 1 branch of the dungeon, and saw 6 of its levels.
You also visited: Sewer.

You collected 310 gold pieces.

Inventory:

Hand Weapons
 a - a +0 mace (weapon)
 l - a +0 sling
 A - a +2 whip of electrocution
Missiles
 h - 13 poisoned darts (quivered)
 t - 51 stones
 I - 4 atropa-tipped darts
Armour
 b - a +0 ring mail
 c - a +0 pair of gloves (worn)
 d - a +0 pair of boots (worn)
 f - a +0 helmet (worn)
 r - a +0 cloak (worn)
 x - a +0 leather armour of poison resistance (worn)
 J - a +0 robe of resistance
Jewellery
 q - a ring of protection from cold (left hand)
Wands
 m - a wand of flame (4)
 H - a wand of roots (6)
Scrolls
 e - 2 scrolls of vulnerability {unknown}
 i - a scroll of immolation
 n - 2 scrolls of fog {unknown}
 o - a scroll of magic mapping {unknown}
 y - a scroll of blinking {unknown}
 z - a scroll of poison {unknown}
 B - a scroll of amnesia {unknown}
 C - a scroll of teleportation {unknown}
 E - a scroll of silence {unknown}
 F - a scroll of enchant weapon {unknown}
Potions
 g - 4 potions of mutation
 j - 2 potions of resistance
 k - 2 potions of might
 p - a potion of invisibility
 s - 3 potions of heal wounds
 u - 2 potions of magic {unknown}
 v - a potion of attraction
 w - a potion of cancellation {unknown}
 D - a potion of lignification {unknown}
 G - 3 potions of flight {unknown}


   Skills:
 + Level 6.4 Fighting
 + Level 8.3 Maces & Flails
 * Level 6.0 Armour
 + Level 4.0 Dodging
 + Level 3.1 Stealth


You had 8 spell levels left.
You didn't know any spells.
Your spell library was empty.

Dungeon Overview and Level Annotations

Branches:
Dungeon (6/15)             Temple (0/1) D:5           Sewer (visited)

Altars:
Makhleb
Okawaru
Uskayaw
Vehumet
Wu Jian

Annotations:
D:6 Edmund


Innate Abilities, Weirdness & Mutations

You are immune to sickness and miasma.
Your stone body is resilient. (AC +6)
You are immune to poison.
You resist negative energy. (rN+)
You are resistant to electric shocks. (rElec)
You are resistant to unholy torment.
You are immune to petrification.


Message History

You barely miss Edmund.
Edmund is lightly wounded.
Edmund hits you with a +2 flail of holy wrath!
* * * LOW HITPOINT WARNING * * *
You completely miss Edmund.
Edmund is lightly wounded.
Edmund barely misses you.
You hit Edmund but do no damage.
Edmund is lightly wounded.
Edmund closely misses you.
You hit Edmund.
Edmund is lightly wounded.
Edmund hits you but does no damage.
A red film seems to cover your vision as you go berserk!
You feel yourself moving faster!
You feel mighty! Edmund misses you.
You hit Edmund.
Edmund is moderately wounded.
You thump Edmund!
Edmund is heavily wounded.
Edmund says, "People think my brother is the best.
I think he's crazy."
Edmund closely misses you.
You barely miss Edmund.
Edmund is heavily wounded.
Edmund hits you with a +2 flail of holy wrath.
* * * LOW HITPOINT WARNING * * *
You completely miss Edmund.
Edmund is heavily wounded.
You hit Edmund.
Edmund is severely wounded.
Edmund hits you but does no damage.
You hit Edmund.
Edmund is severely wounded.
Edmund hits you with a +2 flail of holy wrath!
* * * LOW HITPOINT WARNING * * *
You hit Edmund.
Edmund is severely wounded.
You sock Edmund!
Edmund is almost dead.
Edmund hits you with a +2 flail of holy wrath.
You die...

#......#.....
##....##...#.
#..#####.##. #####
#......... #...##
###.###..... #....#
#...# .. #...####..###
#....####...##
###@@.....#....#.#
#..#................#
#.....†........#.....#
..............##......
#.............# ......
#####.........# ......
#....#)...## .l...
##...##..## ....
##.......


You could see Edmund.

Vanquished Creatures
  Pikel (D:5)
  Menkaure (D:6)
  A sky beast (D:6)
  A black bear (D:4)
  A hornet zombie (D:5)
  2 phantoms
  A kobold brigand (Sewer)
  Blork the orc (D:5)
  A necrophage (D:5)
  A bullfrog (D:4)
  4 scorpions
  A howler monkey (D:6)
  A hound (D:5)
  A bullfrog zombie (D:5)
  2 orc priests
  A jelly (D:4)
  A bullfrog skeleton (D:5)
  Jessica (D:2)
  Ijyb (D:5)
  2 iguanas
  An orc wizard (D:6)
  A scorpion zombie (D:5)
  A howler monkey zombie (D:5)
  8 adders
  A shadow imp (D:5)
  2 white imps
  An ufetubus (D:5)
  2 worms (D:4)
  2 dart slugs
  18 orcs
  6 bats
  13 endoplasms
  9 giant cockroaches
  9 goblins
  5 hobgoblins
  10 jackals
  4 quokkas
  8 ball pythons
  4 frilled lizards
  19 kobolds
  5 rats
155 creatures vanquished.

Vanquished Creatures (others)
  6 withered plants
6 creatures vanquished.

Grand Total: 161 creatures vanquished

Notes
Turn   | Place    | Note
-------+----------+-------------------------------------------
     0 | D:1      | KittyFluff the Gargoyle Berserker began the quest for the
                  | Orb.
     0 | D:1      | Reached XP level 1. HP: 14/14 MP: 1/1
   306 | D:1      | Reached XP level 2. HP: 16/19 MP: 2/2
   667 | D:1      | Reached XP level 3. HP: 20/24 MP: 3/3
   669 | D:1      | Reached ** piety under Trog
  1211 | D:2      | Noticed Jessica
  1217 | D:2      | Killed Jessica
  1218 | D:2      | Reached XP level 4. HP: 27/29 MP: 4/4
  1516 | D:3      | Reached skill level 4 in Maces & Flails
  1725 | D:3      | Noticed a scorpion
  1746 | D:3      | Killed a scorpion
  1747 | D:3      | Reached XP level 5. HP: 28/34 MP: 5/5
  1793 | D:3      | Found a glowing drain.
  1812 | Sewer    | Entered a sewer
  2045 | Sewer    | Reached *** piety under Trog
  2130 | Sewer    | Noticed a kobold brigand
  2139 | Sewer    | Killed a kobold brigand
  2140 | Sewer    | Reached skill level 5 in Maces & Flails
  2140 | Sewer    | Reached XP level 6. HP: 39/39 MP: 6/6
  2530 | D:3      | Found a faded altar of an unknown god.
  3017 | D:4      | Reached skill level 1 in Stealth
  3020 | D:4      | Found an ornate altar of the Wu Jian Council.
  3191 | D:4      | Found a burning altar of Makhleb.
  3823 | D:4      | Noticed a black bear
  3824 | D:4      | Reached XP level 7. HP: 44/44 MP: 7/7
  3851 | D:4      | HP: 1/66 [worm (6)]
  4334 | D:4      | Reached skill level 5 in Fighting
  4341 | D:5      | Entered Level 5 of the Dungeon
  4444 | D:5      | Reached **** piety under Trog
  4445 | D:5      | Reached skill level 6 in Maces & Flails
  4550 | D:5      | Reached XP level 8. HP: 13/49 MP: 8/8
  4804 | D:5      | Noticed Pikel
  4836 | D:5      | Killed Pikel
  4837 | D:5      | Reached skill level 7 in Maces & Flails
  4837 | D:5      | Reached skill level 5 in Armour
  5323 | D:5      | Found a radiant altar of Vehumet.
  5362 | D:5      | Noticed Blork the orc
  5384 | D:5      | Killed Blork the orc
  5917 | D:5      | Found an iron altar of Okawaru.
  5959 | D:5      | Noticed Ijyb
  5972 | D:5      | Killed Ijyb
  6005 | D:5      | Found a staircase to the Ecumenical Temple.
  6159 | D:6      | Found a hide-covered altar of Uskayaw.
  6183 | D:6      | Noticed Menkaure
  6195 | D:6      | Killed Menkaure
  6196 | D:6      | Reached skill level 8 in Maces & Flails
  6196 | D:6      | Reached XP level 9. HP: 47/55 MP: 9/9
  6586 | D:6      | Noticed Edmund
  6623 | D:6      | HP: 2/84 [Edmund/+2 flail of holy wrath (8)]
  6625 | D:6      | Slain by Edmund

Illustrated notes

Levels and vault maps discovered:
D:1:      dpeg_arrival_more_subterranean_lakeside_camping, layout_basic,
          st_stairs_1, minmay_unequal
D:2:      layout_basic, uniq_jessica
D:3:      layout_basic, ebering_ecumenical_altar_petrified, gup_sewer_entry_pipe
D:4:      layout_loops_corners, bloody_makhleb, nzn_wu_jian_contemplation
D:5:      layout_loops_ring, lemuel_coloured_pillars_altar, okawaru_trees_2,
          minmay_temple_entry_waves, serial_undead, serial_undead_c,
          serial_undead_e, serial_undead_e, serial_undead_b, uniq_blork_the_orc,
          uniq_pikel, uniq_ijyb
D:6:      layout_cave_pools, nicolae_uskayaw_murder_on_the_dancefloor,
          uniq_edmund, uniq_sigmund, uniq_menkaure

Skill      XL: |  1  2  3  4  5  6  7  8  9 |
---------------+----------------------------+-----
Fighting       | 4 5 6 |  6.4
Maces & Flails | 4 5 6 8 |  8.3
Armour         | 3 4 5 6 |  6.0
Dodging        | 2 3 4 |  4.0
Stealth        | 1 2 3 |  3.1

Action                   |  1- 3 |  4- 6 |  7- 9 || total
-------------------------+-------+-------+-------++-------
Melee: Mace              |   112 |   279 |   306 ||   697
       Punch             |       |     4 |     4 ||     8
 Fire: Sling             |       |       |     2 ||     2
Throw: Stone             |     9 |       |       ||     9
       Dart              |     1 |       |     1 ||     2
Invok: Berserk           |       |     1 |     5 ||     6
  Use: Scroll            |     4 |     3 |     1 ||     8
 Stab: Sleeping          |     1 |     2 |     4 ||     7
Armor: Animal skin       |    47 |   128 |    16 ||   191
       Leather armour    |       |       |   120 ||   120
Dodge: Dodged            |    79 |   171 |   144 ||   394
